 Dungeon Crawl Stone Soup version 0.28.0-53-g5a82cb258f (webtiles) character file.

Game seed: 16209973490958920047

786 Acheron the Sneak (level 7, 0/78 HPs)
             Began as a Demonspawn Brigand on July 15, 2022.
             Was a Follower of Nemelex Xobeh.
             Succumbed to a killer bee's poison
             ... on level 7 of the Dungeon.
             The game lasted 00:30:46 (7516 turns).

Acheron the Sneak (Demonspawn Brigand)              Turns: 7516, Time: 00:30:47

Health: 0/78       AC:  8    Str: 14    XL:     7   Next: 56%
Magic:  7/7        EV: 13    Int: 12    God:    Nemelex Xobeh [*.....]
Gold:   158        SH:  0    Dex: 14    Spells: 3/6 levels left

rFire   . . .      SeeInvis .   z - +0 hand axe (flame)
rCold   . . .      Faith    .   (no shield)
rNeg    + . .      Spirit   .   m - +0 ring mail
rPois   .          Reflect  .   (helmet restricted)
rElec   .          Harm     .   c - +1 cloak
rCorr   .          Rampage  .   t - +0 pair of gloves
Will    .....                   (no boots)
Stlth   ..........              (no amulet)
HPRegen 0.23/turn               x - ring of positive energy
MPRegen 0.10/turn               p - ring of flight

@: berserking, lethally poisoned (0 -> -6), flying, very quick
A: horns 2, repulsion field 1, foul stench 1
a: Renounce Religion, Draw Escape, Draw Destruction, Draw Summoning


You were on level 7 of the Dungeon.
You worshipped Nemelex Xobeh.
Nemelex Xobeh was aware of your devotion.
You visited 2 branches of the dungeon, and saw 9 of its levels.

You collected 184 gold pieces.
You spent 26 gold pieces at shops.

Inventory:

Hand Weapons
 a - a +2 dagger
 v - a +0 flail
 z - a +0 hand axe of flaming (weapon)
 D - a +0 war axe
Missiles
 d - 19 poisoned darts (quivered)
 e - 2 curare-tipped darts
 B - 3 boomerangs
Armour
 b - a +0 robe
 c - a +1 cloak (worn)
 m - a +0 ring mail (worn)
 t - a +0 pair of gloves (worn)
Jewellery
 f - a ring of fire
 p - a ring of flight (right hand)
 x - a ring of positive energy (left hand)
 y - a ring of wizardry
Wands
 j - a wand of iceblast (7)
 l - a wand of mindburst (6)
 E - a wand of flame (24)
Scrolls
 o - 2 scrolls of teleportation
 u - 2 scrolls of blinking
 w - a scroll of fog
 A - a scroll of magic mapping
Potions
 g - a potion of mutation
 h - 3 potions of brilliance
 i - a potion of might {unknown}
 k - a potion of degeneration {unknown}
 n - a potion of curing {unknown}
 r - a potion of resistance {unknown}
 s - a potion of lignification {unknown}
 C - a potion of heal wounds {unknown}


   Skills:
 * Level 3.4 Fighting
 * Level 3.1 Short Blades
 * Level 3.0 Axes
 * Level 4.0 Throwing
 + Level 0.6 Armour
 * Level 2.2 Dodging
 * Level 4.9 Stealth
 * Level 2.2 Evocations


You had 3 spell levels left.
You knew the following spells:

 Your Spells              Type           Power      Damage    Failure   Level
a - Beastly Appendage     Tmut           0%         N/A       56%         1
b - Wereblood             Tmut           0%         N/A       71%         2

Your spell library contained the following spells:

 Spells                   Type           Power      Damage    Failure   Level
 Call Canine Familiar     Summ           0%         N/A       90%         3
 Portal Projectile        Hex/Tloc       0%         N/A       90%         3
 Spider Form              Tmut/Pois      0%         N/A       90%         3
 Leda's Liquefaction      Hex/Erth       0%         N/A       100%        4


Dungeon Overview and Level Annotations

Branches:
Dungeon (8/15)             Temple (1/1) D:7
   Lair: D:8-11

Altars:
Ashenzari
Cheibriados
Elyvilon
Fedhas
Gozag
Hepliaklqana
Kikubaaqudgha
Nemelex Xobeh
Ru
Trog
Vehumet
Wu Jian
Xom
Yredelemnul
Zin
The Shining One

Shops:
D:2 ?

Annotations:
D:5 2 transporters, 1 runed translucent door, exclusion: downstairs, Crazy Yiuf, Grinder


Innate Abilities, Weirdness & Mutations

You have a pair of horns on your head.
You are surrounded by a mild repulsion field. (EV +2)
You may rarely emit foul miasma when damaged in melee.


Message History

The killer bee stings you.
You are poisoned.
The killer bee poisons you!
You emit a cloud of foul miasma!
You feel sick.
The killer bee is engulfed in dark miasma.
The killer bee is poisoned.
The killer bee seems to slow down.
The killer bee stings you.
You are more poisoned.
The killer bee poisons you! The killer bee stings you.
You feel very sick. The killer bee misses you.
You feel sick. The killer bee closely misses you.
You feel sick. The killer bee stings you.
You feel sick. The killer bee stings you.
You are more poisoned.
The killer bee poisons you! The killer bee closely misses you. x2
There is a stone staircase leading up here.
You feel very sick. The killer bee barely misses you.
The killer bee stings you. x2
You fly upwards.
You feel very sick.
There is a stone staircase leading down here.
You feel sick. The killer bee barely misses you.
You feel sick. The killer bee stings you!
* * * LOW HITPOINT WARNING * * *
You are lethally poisoned!
The killer bee poisons you!
It was a potion of berserk rage.
A red film seems to cover your vision as you go berserk!
You feel yourself moving faster!
You feel mighty!
* * * LOW HITPOINT WARNING * * *
You feel sick. The killer bee stings you.
* * * LOW HITPOINT WARNING * * *
The killer bee stings you but does no damage.
You are too berserk!
You are too berserk!
You hit the killer bee. You burn the killer bee.
The killer bee is heavily wounded.
You die...
Your body disappears without a glow.

#..# #......###### .# ...#
#...(..##...# # ##.# #
#......##...# ##.## #.
#......##...# .....
#..#..#...##...# ##+##
#..#..#...##...+
#.(.....>y##...#
#.....#.#y##...### #+#
#######.#.#@##.....###.#
#.........#.###'##.P.P.#
#.#####.###.###.##.PPP.####
#.# #.# #.......P.>.P..<#
#.#####.# #####.....PP..###
##+###.#..)..# ####.P....#
.....#.#.##### ####...#
######.#.# ##### ######.#.#


You could see 2 killer bees.

Vanquished Creatures
  A wyvern (D:7)
  A water moccasin (D:7)
  An orc warrior (D:7)
  A wyvern zombie (D:7)
  A centaur zombie (D:7)
  3 hounds (D:5)
  A bullfrog skeleton (D:5)
  An orc priest (D:7)
  2 iguanas
  3 gnolls (D:3)
  3 adders
  A shadow imp (D:7)
  A white imp (D:5)
  An ufetubus (D:4)
  A worm (D:2)
  2 dart slugs (D:2)
  12 orcs
  5 bats
  8 endoplasms
  4 giant cockroaches
  5 goblins
  4 hobgoblins
  7 ball pythons
  4 frilled lizards
  5 kobolds
  7 rats
85 creatures vanquished.

Notes
Turn   | Place    | Note
-------+----------+-------------------------------------------
     0 | D:1      | Acheron the Demonspawn Brigand began the quest for the Orb.
     0 | D:1      | Reached XP level 1. HP: 16/16 MP: 1/1
    82 | D:1      | Reached skill level 1 in Dodging
   145 | D:1      | Gained mutation: You are surrounded by a mild repulsion
                  | field. (EV +2) [demonic ancestry]
   145 | D:1      | Reached XP level 2. HP: 22/22 MP: 2/2
  1289 | D:5      | Entered Level 5 of the Dungeon
  1386 | D:4      | Reached XP level 3. HP: 27/27 MP: 3/3
  1442 | D:4      | Learned a level 1 spell: Beastly Appendage
  2259 | D:2      | Found Pihez's Magic Scroll Shop.
  2266 | D:2      | Bought a scroll of fog for 26 gold pieces
  2300 | D:2      | Gained mutation: You have a pair of small horns on your
                  | head. [demonic ancestry]
  2300 | D:2      | Reached XP level 4. HP: 26/33 MP: 4/4
  2410 | D:2      | Learned a level 2 spell: Wereblood
  3182 | D:3      | HP: 1/34 [gnoll/+0 vorpal flail (1)]
  4067 | D:2      | Gained mutation: You may rarely emit foul miasma when
                  | damaged in melee. [demonic ancestry]
  4067 | D:2      | Reached XP level 5. HP: 38/39 MP: 5/5
  4426 | D:5      | Reached skill level 1 in Evocations
  4597 | D:5      | Noticed an ogre
  4615 | D:5      | Found a transporter.
  4730 | D:5      | Reached skill level 1 in Axes
  4894 | D:5      | Noticed Grinder
  4900 | D:5      | Reached XP level 6. HP: 46/46 MP: 6/6
  5199 | D:5      | Found a transporter.
  5419 | D:5      | Found a runed translucent door.
  5420 | D:5      | Noticed Crazy Yiuf
  5693 | D:7      | Found a staircase to the Ecumenical Temple.
  5700 | Temple   | Entered the Ecumenical Temple
  5923 | Temple   | Became a worshipper of Nemelex Xobeh the Trickster
  6005 | D:7      | Noticed a wyvern
  6013 | D:7      | Killed a wyvern
  6139 | D:7      | Noticed an ice beast
  6208 | D:7      | HP: 2/47 [wyvern zombie (10)]
  6708 | D:7      | Noticed a water moccasin
  6726 | D:7      | Killed a water moccasin
  6727 | D:7      | Gained mutation: You have a pair of horns on your head.
                  | [demonic ancestry]
  6727 | D:7      | Reached XP level 7. HP: 31/52 MP: 7/7
  7497 | D:8      | Reached * piety under Nemelex Xobeh
  7515 | D:7      | HP: 1/78 [killer bee (4)]
  7516 | D:7      | Succumbed to a killer bee's poison

Illustrated notes

Levels and vault maps discovered:
D:1:      dpeg_arrival_stone_temple_mockup, layout_basic
D:2:      layout_loops_cross, serial_shops, nicolae_shop_stone,
          chequers_serial_rivers_small_3
D:3:      layout_loops_ring
D:4:      layout_cave_pools
D:5:      gammafunk_cloud_chamber, layout_basic, minmay_misc_feat_x,
          uniq_crazy_yiuf_cottage, uniq_grinder
D:6:      layout_loops_corners, minmay_fractal_squares_diagonal_5,
          uniq_prince_ribbit1
D:7:      layout_basic, nicolae_qazlal_scattered_showers,
          minmay_temple_entry_overgrown
D:8:      layout_basic, nicolae_overflow_hallway_of_the_gods
Temple:   eino_temple_rhombus

Skill      XL: |  1  2  3  4  5  6  7 |
---------------+----------------------+-----
Dodging        | 1 2 |  2.2
Stealth        | 4 |  4.9
Throwing       | 2 3 4 |  4.0
Short Blades   | 2 3 |  3.1
Evocations     | 1 2 |  2.2
Axes           | 1 2 3 |  3.0
Fighting       | 3 |  3.4
Armour         | |  0.6

Action                   |  1- 3 |  4- 6 |  7- 9 || total
-------------------------+-------+-------+-------++-------
Melee: Dagger            |    60 |    37 |       ||    97
       Hand axe          |       |    94 |    39 ||   133
       Headbutt          |       |    23 |    13 ||    36
       Punch             |       |     1 |       ||     1
Throw: Dart              |    66 |    65 |     2 ||   133
Evoke: Wand              |       |     3 |       ||     3
  Use: Scroll            |     7 |     4 |       ||    11
       Potion            |       |       |     1 ||     1
 Stab: Sleeping          |     1 |     7 |       ||     8
Armor: Robe              |    19 |    16 |       ||    35
       Ring mail         |       |     6 |    10 ||    16
Dodge: Dodged            |    56 |    94 |    37 ||   187
